 Dungeon Crawl Stone Soup version 0.21-a0-349-g0c35859 (webtiles) character file.

371 tidbits the Skirmisher (level 6, 5/53 HPs)
             Began as a Gnoll Chaos Knight on Oct 8, 2017.
             Quit the game on level 6 of the Dungeon.
             The game lasted 00:09:01 (961 turns).

tidbits the Skirmisher (Gnoll Chaos Knight)          Turns: 961, Time: 00:09:02

Health: 5/53       AC:  6    Str: 15    XL:     6   Next: 71%
Magic:  9/9        EV: 10    Int: 18    God:    Xom [..*...]
Gold:   154        SH:  8    Dex: 14    Spells: 9/9 levels left

rFire    . . .     SeeInvis .   a - +0 hand axe (chaos)
rCold    . . .     Gourm    .   D - +0 shield
rNeg     . . .     Faith    .   b - +2 leather armour
rPois    .         Spirit   .   p - +0 helmet
rElec    .         Reflect  .   (no cloak)
rCorr    .         Harm     .   (no gloves)
MR       .....                  (no boots)
Stlth    ++........             (no amulet)
HPRegen  0.17/turn              k - +2 ring of intelligence
MPRegen  0.11/turn              (no ring)

@: no status effects
A: distributed training, fangs 1, strong nose
a: Renounce Religion


You were on level 6 of the Dungeon.
You worshipped Xom.
You were a toy of Xom.
You were not hungry.

You visited 1 branch of the dungeon, and saw 6 of its levels.

You collected 154 gold pieces.

Inventory:

Hand Weapons
 a - a +0 hand axe of chaos (weapon)
 e - a +0 mace
 l - a +3 rapier
 q - a +0 falchion
Missiles
 d - 33 arrows
Armour
 b - a +2 leather armour (worn)
 f - a +0 ring mail
 p - a +0 helmet (worn)
 D - a +0 shield (worn)
Jewellery
 k - a +2 ring of intelligence (left hand)
   (You found it on level 6 of the Dungeon)
Wands
 g - a wand of clouds (0/9)
 s - a wand of acid (0/15)
Scrolls
 i - a scroll of identify {unknown}
 j - a scroll of immolation {unknown}
 m - a scroll of enchant armour {unknown}
 n - a scroll of random uselessness {unknown}
 o - a scroll of teleportation
 r - a scroll of remove curse
 t - a scroll of amnesia {unknown}
 v - a scroll of enchant weapon {unknown}
Comestibles
 c - 6 bread rations
 h - 4 meat rations
 u - a royal jelly


   Skills:
 + Level 6.8 Fighting
 + Level 2.0 Short Blades
 + Level 2.0 Long Blades
 + Level 6.8 Axes
 + Level 2.0 Maces & Flails
 + Level 2.0 Polearms
 + Level 2.0 Staves
 + Level 2.0 Slings
 + Level 2.0 Bows
 + Level 2.0 Crossbows
 + Level 2.0 Throwing
 + Level 5.0 Armour
 + Level 3.3 Dodging
 + Level 2.0 Stealth
 + Level 2.0 Shields
 + Level 2.0 Unarmed Combat
 + Level 2.0 Spellcasting
 + Level 2.0 Conjurations
 + Level 2.0 Hexes
 + Level 2.0 Charms
 + Level 2.0 Summonings
 + Level 2.0 Necromancy
 + Level 2.0 Translocations
 + Level 2.0 Transmutations
 + Level 2.0 Fire Magic
 + Level 2.0 Ice Magic
 + Level 2.0 Air Magic
 + Level 2.0 Earth Magic
 + Level 2.0 Poison Magic
 + Level 2.0 Invocations
 + Level 2.0 Evocations


You had 9 spell levels left.
You didn't know any spells.

Dungeon Overview and Level Annotations

Branches:
Dungeon (6/15)
 Temple: D:4-7

Altars:
Qazlal

Annotations:
D:6 Menkaure; inmateoo's ghost, amateur MiFE


Innate Abilities, Weirdness & Mutations

Your experience applies equally to all skills.
You have very sharp teeth.
Your uncanny sense of smell can sniff out nearby items.


Message History

The crimson imp hits you.
* * * LOW HITPOINT WARNING * * *
You hit the crimson imp. You freeze the crimson imp.
You kill the crimson imp!
Your Armour skill increases to level 5!
A bullfrog comes into view.
An adder comes into view.
You barely miss the bullfrog. You block the bullfrog's attack.
The adder moves out of view.
The bullfrog hits you.
* * * LOW HITPOINT WARNING * * *
You hit the bullfrog. You burn the bullfrog. You bite the bullfrog.
The bullfrog is heavily wounded.
The bullfrog barely misses you. You block the bullfrog's attack.
You closely miss the bullfrog.
The bullfrog is heavily wounded.
The bullfrog hits you.
* * * LOW HITPOINT WARNING * * *
You slash the bullfrog! You burn the bullfrog.
The bullfrog is almost dead.
The bullfrog hits you but does no damage.
You block the bullfrog's attack.
You hit the bullfrog. Lightning courses through the bullfrog!
You kill the bullfrog!
Your Short Blades skill increases to level 2!
Your Long Blades skill increases to level 2!
Your Maces & Flails skill increases to level 2!
Your Polearms skill increases to level 2!
Your Staves skill increases to level 2!
Your Slings skill increases to level 2!
Your Bows skill increases to level 2!
Your Crossbows skill increases to level 2!
Your Throwing skill increases to level 2!
Your Stealth skill increases to level 2!
Your Shields skill increases to level 2!
Your Unarmed Combat skill increases to level 2!
Your Spellcasting skill increases to level 2!
Your Conjurations skill increases to level 2!
Your Hexes skill increases to level 2!
Your Charms skill increases to level 2!
Your Summonings skill increases to level 2!
Your Necromancy skill increases to level 2!
Your Translocations skill increases to level 2!
Your Transmutations skill increases to level 2!
Your Fire Magic skill increases to level 2!
Your Ice Magic skill increases to level 2!
Your Air Magic skill increases to level 2!
Your Earth Magic skill increases to level 2!
Your Poison Magic skill increases to level 2!
Your Invocations skill increases to level 2!
Your Evocations skill increases to level 2!
A bullfrog comes into view.
You see here 2 gold pieces.
You now have 154 gold pieces (gained 2).
The bullfrog gives a loud, deep croak!
As you read the scroll of teleportation, it crumbles to dust.
You feel strangely unstable. You block the bullfrog's attack.
Menkaure, Prince of Dust comes into view.
You block the bullfrog's attack.
Your surroundings suddenly seem different.
Inmateoo's ghost turns its malevolent gaze towards you.
You hit inmateoo's ghost but do no damage.
Inmateoo's ghost appears confused.
You bite inmateoo's ghost, but do no damage.
Inmateoo's ghost is heavily damaged.
Unknown command.
You aren't carrying any potions.
Unknown command.
Okay, then.
Evoke which item? (* to show all) (? for menu, Esc to quit)
Aiming: Cloud Cone (will waste charges)
Press: ? - help, Dir - move target cursor, f - inmateoo's ghost
Aim: inmateoo's ghost (heavily damaged, confused)
You create a blast of noxious fumes!
Evoking this partially-identified wand wasted a few charges.
You completely miss inmateoo's ghost.
Inmateoo's ghost is moderately damaged.
You see here a scroll labeled HUASMU ONLEECO.
v - a scroll labeled HUASMU ONLEECO Inmateoo's ghost seems less confused.
You hit inmateoo's ghost.
Sparks fly from inmateoo's ghost's hands!
Inmateoo's ghost is heavily damaged.
Xom grants you insight.
You detect creatures!
Inmateoo's ghost hits you!
* * * LOW HITPOINT WARNING * * *
You aren't carrying any potions.
Unknown command.
Okay, then.
Evoke which item? (* to show all) (? for menu, Esc to quit)
Aiming: Cloud Cone (will waste charges)
Press: ? - help, Dir - move target cursor, f/p - inmateoo's ghost
Aim: inmateoo's ghost (heavily damaged)
You create a blast of noxious fumes!
Evoking this partially-identified wand wasted a few charges.
Inmateoo's ghost hits you.
* * * LOW HITPOINT WARNING * * *
Evoke which item? (* to show all) (? for menu, Esc to quit)
Aiming: Cloud Cone (will waste charges)
Press: ? - help, Dir - move target cursor, f/p - inmateoo's ghost
Aim: inmateoo's ghost (heavily damaged) Nothing appears to happen.
Inmateoo's ghost barely misses you.
Are you sure you want to abandon this character and quit the game? (Confirm with "yes".)

##.##.###.# #.#####.#
#.....).#.# #.# #.#
#..##...<.#######.# #.#
#..####.##.....##.# #.# #
..##.##.....##.#####.# #
#.##.##.....##.......#
#.##.##.##.....###.######
#.......##.W....##.#
####.#####.#@##.##.#
#.#####.#.##.##.####
#............##....#
##.#....####.#####.#
#.#....####.# ##.######
#.#..รท......# #.......#
#.##.....##.####..####.##
#.....)#..........###....
#####.......####.........


You could see inmateoo's ghost.

Vanquished Creatures
  A centaur (D:6)
  An ogre (D:6)
  A bullfrog (D:6)
  2 crimson imps (D:6)
  A hound (D:6)
  Ijyb (D:3)
  An adder (D:2)
  A worm (D:2)
  2 dart slugs
  2 leopard geckos (D:6)
  2 orcs (D:6)
  A ball python (D:1)
  A bat (D:1)
  A giant cockroach (D:1)
  2 goblins
  3 kobolds (D:1)
  A leopard gecko zombie (D:6)
  3 rats
27 creatures vanquished.

Notes
Turn   | Place    | Note
-------+----------+-------------------------------------------
     0 | D:1      | tidbits the Gnoll Chaos Knight began the quest for the Orb.
     0 | D:1      | Reached XP level 1. HP: 23/23 MP: 1/1
    35 | D:2      | XOM: silly message
    36 | D:2      | Reached XP level 2. HP: 24/29 MP: 2/2
   162 | D:1      | XOM: divination: detect items
   163 | D:1      | XOM: divination: detect creatures
   198 | D:1      | XOM: divination: detect items
   232 | D:3      | Noticed Ijyb
   239 | D:3      | Killed Ijyb
   239 | D:3      | Reached XP level 3. HP: 35/35 MP: 2/4
   497 | D:5      | Entered Level 5 of the Dungeon
   551 | D:5      | XOM: silly message
   641 | D:6      | Reached skill level 1 in Short Blades
   641 | D:6      | Reached skill level 1 in Long Blades
   641 | D:6      | Reached skill level 1 in Maces & Flails
   641 | D:6      | Reached skill level 1 in Polearms
   641 | D:6      | Reached skill level 1 in Staves
   641 | D:6      | Reached skill level 1 in Slings
   641 | D:6      | Reached skill level 1 in Bows
   641 | D:6      | Reached skill level 1 in Crossbows
   641 | D:6      | Reached skill level 1 in Throwing
   641 | D:6      | Reached skill level 1 in Stealth
   641 | D:6      | Reached skill level 1 in Shields
   641 | D:6      | Reached skill level 1 in Unarmed Combat
   641 | D:6      | Reached skill level 1 in Spellcasting
   641 | D:6      | Reached skill level 1 in Conjurations
   641 | D:6      | Reached skill level 1 in Hexes
   641 | D:6      | Reached skill level 1 in Charms
   641 | D:6      | Reached skill level 1 in Summonings
   641 | D:6      | Reached skill level 1 in Necromancy
   641 | D:6      | Reached skill level 1 in Translocations
   641 | D:6      | Reached skill level 1 in Transmutations
   641 | D:6      | Reached skill level 1 in Fire Magic
   641 | D:6      | Reached skill level 1 in Ice Magic
   641 | D:6      | Reached skill level 1 in Air Magic
   641 | D:6      | Reached skill level 1 in Earth Magic
   641 | D:6      | Reached skill level 1 in Poison Magic
   641 | D:6      | Reached skill level 1 in Invocations
   641 | D:6      | Reached skill level 1 in Evocations
   643 | D:6      | Noticed an ogre
   648 | D:6      | Killed an ogre
   648 | D:6      | Reached XP level 4. HP: 41/41 MP: 4/6
   648 | D:6      | Reached XP level 5. HP: 47/47 MP: 4/7
   696 | D:6      | Reached skill level 3 in Dodging
   705 | D:6      | Noticed inmateoo's ghost (amateur MiFE)
   724 | D:6      | XOM: potion effect (haste)
   729 | D:6      | XOM: harmless Tmut miscast
   789 | D:6      | Noticed a centaur
   794 | D:6      | HP: 2/47 [crimson imp (3)]
   797 | D:6      | Killed a centaur
   797 | D:6      | Reached XP level 6. HP: 4/53 MP: 8/8
   798 | D:6      | Found a stormy altar of Qazlal.
   801 | D:6      | HP: 1/79 [crimson imp (4)]
   818 | D:6      | XOM: harmless Fire miscast
   888 | D:6      | Reached skill level 5 in Armour
   894 | D:6      | Reached skill level 2 in Short Blades
   894 | D:6      | Reached skill level 2 in Long Blades
   894 | D:6      | Reached skill level 2 in Maces & Flails
   894 | D:6      | Reached skill level 2 in Polearms
   894 | D:6      | Reached skill level 2 in Staves
   894 | D:6      | Reached skill level 2 in Slings
   894 | D:6      | Reached skill level 2 in Bows
   894 | D:6      | Reached skill level 2 in Crossbows
   894 | D:6      | Reached skill level 2 in Throwing
   894 | D:6      | Reached skill level 2 in Stealth
   894 | D:6      | Reached skill level 2 in Shields
   894 | D:6      | Reached skill level 2 in Unarmed Combat
   894 | D:6      | Reached skill level 2 in Spellcasting
   894 | D:6      | Reached skill level 2 in Conjurations
   894 | D:6      | Reached skill level 2 in Hexes
   894 | D:6      | Reached skill level 2 in Charms
   894 | D:6      | Reached skill level 2 in Summonings
   894 | D:6      | Reached skill level 2 in Necromancy
   894 | D:6      | Reached skill level 2 in Translocations
   894 | D:6      | Reached skill level 2 in Transmutations
   894 | D:6      | Reached skill level 2 in Fire Magic
   894 | D:6      | Reached skill level 2 in Ice Magic
   894 | D:6      | Reached skill level 2 in Air Magic
   894 | D:6      | Reached skill level 2 in Earth Magic
   894 | D:6      | Reached skill level 2 in Poison Magic
   894 | D:6      | Reached skill level 2 in Invocations
   894 | D:6      | Reached skill level 2 in Evocations
   900 | D:6      | Noticed Menkaure
   951 | D:6      | XOM: divination: detect creatures
   952 | D:6      | HP: 4/53 [inmateoo's ghost (4)]
   961 | D:6      | Quit the game

Vault maps used:
D:1:      dpeg_arrival_ratfight
D:2:      marbit_many_paths
D:3:      chequers_ecumenical_altar_simple_redux, kennysheep_generic_room_13,
          uniq_ijyb
D:5:      ashenzari_altar_1, lemuel_temple_firewalk_a, first_bread, basic_altar,
          serial_bayou_lagoon_a, uniq_blork_the_orc
D:6:      grunt_qazlal_sundering, uniq_menkaure

Skill      XL: |  1  2  3  4  5  6 |
---------------+-------------------+-----
Short Blades   | 1 2 |  2.0
Long Blades    | 1 2 |  2.0
Maces & Flails | 1 2 |  2.0
Polearms       | 1 2 |  2.0
Staves         | 1 2 |  2.0
Slings         | 1 2 |  2.0
Bows           | 1 2 |  2.0
Crossbows      | 1 2 |  2.0
Throwing       | 1 2 |  2.0
Stealth        | 1 2 |  2.0
Shields        | 1 2 |  2.0
Unarmed Combat | 1 2 |  2.0
Spellcasting   | 1 2 |  2.0
Conjurations   | 1 2 |  2.0
Hexes          | 1 2 |  2.0
Charms         | 1 2 |  2.0
Summonings     | 1 2 |  2.0
Necromancy     | 1 2 |  2.0
Translocations | 1 2 |  2.0
Transmutations | 1 2 |  2.0
Fire Magic     | 1 2 |  2.0
Ice Magic      | 1 2 |  2.0
Air Magic      | 1 2 |  2.0
Earth Magic    | 1 2 |  2.0
Poison Magic   | 1 2 |  2.0
Invocations    | 1 2 |  2.0
Evocations     | 1 2 |  2.0
Dodging        | 3 |  3.3
Armour         | 5 |  5.0
Fighting       | |  6.8
Axes           | |  6.8

Action                   |  1- 3 |  4- 6 || total
-------------------------+-------+-------++-------
Melee: Hand axe          |    56 |    41 ||    97
       Bite              |     2 |     9 ||    11
Evoke: Wand              |     1 |     2 ||     3
  Use: Potion            |     1 |     5 ||     6
       Scroll            |     1 |     3 ||     4
 Stab: Sleeping          |     2 |       ||     2
       Confused          |       |     1 ||     1
Armor: Leather armour    |     8 |     9 ||    17
Dodge: Dodged            |    26 |    19 ||    45
Block: Shield            |     9 |    17 ||    26

Table legend:
 A = Spawn XP
 B = Non-spawn XP
 C = Spawn XP percentage of total XP
 D = Spawn monster count
 E = Non-spawn monster count
 F = Spawn count percentage of total count
 G = Total turns spent on level
                    A         B        C        D         E        F      G
               +---------+---------+-------+---------+---------+-------+---------
         Total |       0 |     531 |   0.0 |       0 |      27 |   0.0 |   961
               +---------+---------+-------+---------+---------+-------+---------
           D:1 |       0 |      16 |   0.0 |       0 |       8 |   0.0 |   130
           D:2 |       0 |      26 |   0.0 |       0 |       6 |   0.0 |   169
           D:3 |       0 |      32 |   0.0 |       0 |       1 |   0.0 |    74
           D:4 |       0 |       1 |   0.0 |       0 |       1 |   0.0 |   124
           D:6 |       0 |     456 |   0.0 |       0 |      11 |   0.0 |   325
               +---------+---------+-------+---------+---------+-------+---------

Table legend:
 A = Turns spent in this place as a percentage of turns spent in the entire game.
 B = Non-inter-level travel turns spent in this place as a percentage of non-inter-level travel turns spent in the entire game.
 C = Inter-level travel turns spent in this place as a percentage of turns spent in this place.
 D = Turns resting spent in this place as a percentage of non-inter-level travel turns spent in this place.
 E = Turns spent auto-exploring this place as a percentage of non-inter-level travel turns spent in this place.
 F = Non-inter-level travel turns spent in this place divided by the number of levels of this place that you've seen.
                   A       B       C       D       E      F
               +-------+-------+-------+-------+-------+----------------------
         Total | 100.0 | 100.0 |   0.7 |   0.0 |   0.0 | 159.0
       Dungeon | 100.0 | 100.0 |   0.7 |   0.0 |   0.0 | 159.0
               +-------+-------+-------+-------+-------+----------------------

Table legend:
 A = Kills in this place as a percentage of kills in entire the game.
 B = Kills by you in this place as a percentage of kills by you in the entire game.
 C = Kills by friends in this place as a percentage of kills by friends in the entire game.
 D = Other kills in this place as a percentage of other kills in the entire game.
 E = Experience gained in this place as a percentage of experience gained in the entire game.
 F = Experience gained in this place divided by the number of levels of this place that you have seen.
                   A       B       C       D       E      F
               +-------+-------+-------+-------+-------+----------------------
         Total | 100.0 | 100.0 |   N/A |   N/A | 100.0 |  88.5
       Dungeon | 100.0 | 100.0 |   N/A |   N/A | 100.0 |  88.5
               +-------+-------+-------+-------+-------+----------------------

Vault maps used:
D:1:      dpeg_arrival_ratfight
D:2:      marbit_many_paths
D:3:      chequers_ecumenical_altar_simple_redux, kennysheep_generic_room_13,
          uniq_ijyb
D:5:      ashenzari_altar_1, lemuel_temple_firewalk_a, first_bread, basic_altar,
          serial_bayou_lagoon_a, uniq_blork_the_orc
D:6:      grunt_qazlal_sundering, uniq_menkaure
